 Dungeon Crawl Stone Soup version 0.31.0-9-g3a7656b989 (console) character file.

Game seed: 13301998336142531567

1257 AlterAsc the Cleaver (level 8, -2/58 HPs)
             Began as a Formicid Fighter on Jan 30, 2024.
             Was a Believer of Okawaru.
             Slain by an orc warrior
             ... wielding a +0 glaive
              (4 damage)
             ... on level 5 of the Dungeon.
             The game lasted 00:09:46 (4616 turns).

AlterAsc the Cleaver (Formicid Fighter)             Turns: 4616, Time: 00:09:47

Health: -2/58      AC: 11    Str: 24    XL:     8   Next: 81%
Magic:  10/10      EV:  6    Int:  7    God:    Okawaru [**....]
Gold:   395        SH:  5    Dex: 13    Spells: 7/7 levels left

rFire   . . .        a - +0 war axe
rCold   . . .        c - +0 buckler
rNeg    . . .        p - +0 plate armour
rPois   +            (helmet unavailable)
rElec   .            (no cloak)
rCorr   .            (no gloves)
SInv    +            (no boots)
Will    .....        n - amulet of the acrobat Stlth
                     i - ring of poison resistance
HPRegen 0.29/turn    (no ring)
MPRegen 0.12/turn

%: acrobat
@: no status effects
A: permanent stasis, dig shafts and tunnels, antennae 3, four strong arms
a: Dig, Shaft Self, Renounce Religion, Heroism


You were on level 5 of the Dungeon.
You worshipped Okawaru.
Okawaru was pleased with you.
You visited 2 branches of the dungeon, and saw 7 of its levels.

You collected 395 gold pieces.

Inventory:

Hand Weapons
 a - a +0 war axe (weapon)
Missiles
 r - 5 poisoned darts
Armour
 b - a +0 scale mail
 c - a +0 buckler (worn)
 o - a +0 chain mail
 p - a +0 plate armour (worn)
Jewellery
 i - a ring of poison resistance (left hand)
 k - an amulet of magic regeneration
 n - an amulet of the acrobat (around neck)
 t - a ring of magical power
Wands
 l - a wand of iceblast (19)
Scrolls
 e - a scroll of enchant armour
 f - a scroll of revelation {unknown}
 h - 4 scrolls of fog
 m - a scroll of brand weapon {unknown}
 u - a scroll of silence {unknown}
Potions
 d - 3 potions of might
 g - 2 potions of degeneration
 j - a potion of mutation
 q - a potion of haste
 s - a potion of attraction


   Skills:
 - Level 3.2 Fighting
 + Level 9.9 Axes
 - Level 3.2 Armour
 - Level 4.0 Shields
 - Level 3.0 Invocations


You had 7 spell levels left.
You didn't know any spells.
Your spell library contained the following spells:

 Spells                   Type           Power      Damage    Failure   Level
 Apportation              Tloc           0%         N/A       100%        1
 Jinxbite                 Hex            0%         N/A       100%        2
 Lesser Beckoning         Tloc           0%         N/A       100%        2
 Sublimation of Blood     Necr           0%         N/A       100%        2
 Dazzling Flash           Conj/Hex       0%         N/A       100%        3
 Gell's Gravitas          Tloc           0%         N/A       100%        3
 Teleport Other           Tloc           0%         N/A       100%        3
 Volatile Blastmotes      Fire/Tloc      0%         2d10      100%        3
 Petrify                  Alch/Erth      0%         N/A       100%        4
 Alistair's Intoxication  Alch           0%         N/A       100%        5
 Irradiate                Conj/Alch      0%         3d11      100%        5
 Starburst                Conj/Fire      0%         6d3       100%        6
 Maxwell's Capacitive Co  Air            0%         ∞         100%        8


Dungeon Overview and Level Annotations

Branches:
Dungeon (6/15)             Temple (1/1) D:4

Altars:
Ashenzari
Cheibriados
Dithmenos
Elyvilon
Fedhas
Gozag
Hepliaklqana
Kikubaaqudgha
Makhleb
Nemelex Xobeh
Okawaru
Qazlal
Sif Muna
Trog
Uskayaw
Wu Jian
Zin
The Shining One

Shops:
D:1 (   D:6 *?[

Annotations:
D:5 1 runed translucent door, Crazy Yiuf


Innate Abilities, Weirdness & Mutations

You cannot be hasted, slowed, berserked, paralysed or teleported.
You can dig through walls and to a lower floor.
You have a pair of large antennae on your head. (SInv)
Your four strong arms can wield two-handed weapons with a shield.


Message History

The orc warrior hits you with a +0 glaive.
You closely miss the orc warrior.
The orc warrior is moderately wounded.
The orc warrior hits you with a +0 glaive!
You barely miss the orc warrior.
The orc warrior is moderately wounded.
You block the orc warrior's attack.
You closely miss the orc warrior.
The orc warrior is moderately wounded.
The orc warrior hits you with a +0 glaive!
You hit the orc warrior.
The orc warrior is moderately wounded.
The orc warrior hits you with a +0 glaive.
You closely miss the orc warrior.
The orc warrior is moderately wounded.
The orc warrior hits you with a +0 glaive.
You slash the orc warrior!
The orc warrior is severely wounded.
You block the orc warrior's attack.
You slash the orc warrior!
The orc warrior is almost dead.
The orc warrior hits you with a +0 glaive!
You hit the orc warrior but do no damage.
The orc warrior is almost dead.
The orc warrior barely misses you.
You hit the orc warrior but do no damage.
The orc warrior is almost dead.
The orc warrior barely misses you.
You barely miss the orc warrior.
The orc warrior is almost dead.
The orc warrior hits you with a +0 glaive!
* * * LOW HITPOINT WARNING * * *
You hit the orc warrior but do no damage.
The orc warrior is almost dead.
The orc warrior hits you with a +0 glaive.
* * * LOW HITPOINT WARNING * * *
You hit the orc warrior but do no damage.
The orc warrior is almost dead.
The orc warrior hits you with a +0 glaive.
You die...

.#'#.............# #......## ##
.#.#..##.#..####.##########.# #
.#.#........#.............#.## ##
.#.#..##......##.########.##.###.
##.##.##.........# #.###....
#...#.##.#..###..# #.# #####
#._.#............# #.#
#...#.##.######.## #.# ##.##.#..#
#.# #.# .#.#..#.## ###.### #.#
.#.#.##.# #..[@o# #.# .#.#.##.#
#..).)# #.# .#'#.##.# #.....# #.#
.....##.# #.....# #.# #######.#
#.....# #.# #.# #############.#
#.# #......# #.# #.######
###.#### #.# #....).#########.#
#.#.#)..>........#


You could see an orc warrior.

Vanquished Creatures
  Eustachio (D:6)
  A water moccasin (D:5)
  2 black bears
  An ice beast (D:6)
  A sky beast (D:6)
  2 scorpions (D:6)
  A jelly (D:5)
  2 hounds (D:5)
  An orc priest (D:4)
  An iguana (D:4)
  2 orc wizards
  3 sleepcaps (D:5)
  Terence (D:3)
  3 gnolls (D:6)
  9 adders
  A shadow imp (D:6)
  2 ufetubi (D:5)
  5 dart slugs
  4 ribbon worms
  14 orcs
  7 ball pythons
  6 bats
  8 endoplasms
  2 giant cockroaches
  7 goblins
  9 hobgoblins
  2 quokkas
  A frilled lizard (D:1)
  3 kobolds
  6 rats
108 creatures vanquished.

Notes
Turn   | Place    | Note
-------+----------+-------------------------------------------
     0 | D:1      | AlterAsc the Formicid Fighter began the quest for the Orb.
     0 | D:1      | Reached XP level 1. HP: 18/18 MP: 1/1
    95 | D:1      | Found Siofoculu's Weapon Boutique.
   133 | D:1      | Reached XP level 2. HP: 24/24 MP: 2/2
   260 | D:1      | Reached skill level 3 in Axes
   575 | D:1      | Reached XP level 3. HP: 29/29 MP: 3/3
   933 | D:2      | Reached skill level 4 in Axes
   933 | D:2      | Reached XP level 4. HP: 23/35 MP: 4/4
  1057 | D:2      | Found a faded altar of an unknown god.
  1438 | D:3      | Noticed Terence
  1444 | D:3      | Killed Terence
  1666 | D:3      | Reached XP level 5. HP: 41/41 MP: 5/5
  1830 | D:3      | Reached skill level 5 in Axes
  2040 | D:3      | Found a shimmering blue altar of Sif Muna.
  2316 | D:4      | Found a staircase to the Ecumenical Temple.
  2334 | Temple   | Entered the Ecumenical Temple
  2360 | Temple   | Became a worshipper of Warmaster Okawaru
  2727 | D:4      | Noticed a black bear
  2735 | D:4      | Killed a black bear
  2736 | D:4      | Reached skill level 6 in Axes
  2736 | D:4      | Reached XP level 6. HP: 47/47 MP: 6/6
  2889 | D:5      | Entered Level 5 of the Dungeon
  2913 | D:5      | Found a blossoming altar of Fedhas.
  2950 | D:5      | Reached skill level 7 in Axes
  2950 | D:5      | Reached XP level 7. HP: 45/52 MP: 7/7
  3056 | D:5      | Found a stormy altar of Qazlal.
  3081 | D:5      | Reached * piety under Okawaru
  3082 | D:5      | Reached skill level 1 in Invocations
  3217 | D:5      | Noticed a water moccasin
  3227 | D:5      | Killed a water moccasin
  3231 | D:5      | HP: 2/52 [sleepcap (2)]
  3565 | D:5      | Found a runed translucent door.
  3566 | D:5      | Noticed Crazy Yiuf
  3919 | D:6      | Found Vidubef's Antique Armour Boutique.
  3919 | D:6      | Found Xutat's General Store.
  3920 | D:6      | Noticed Eustachio
  3949 | D:6      | Killed Eustachio
  3950 | D:6      | Reached skill level 8 in Axes
  3950 | D:6      | Reached XP level 8. HP: 32/58 MP: 10/10
  4198 | D:6      | Reached skill level 9 in Axes
  4206 | D:6      | Reached ** piety under Okawaru
  4371 | D:6      | Found Varos's Magic Scroll Emporium.
  4615 | D:5      | HP: 1/58 [orc warrior/+0 glaive (5)]
  4616 | D:5      | Slain by an orc warrior

Illustrated notes

Levels and vault maps discovered:
D:1:      sevenhm_arrival_forest_fort_large_2, layout_loops_ring, serial_shops,
          shop
D:2:      layout_rooms, shapermc_ecumenical_altar_gd, minmay_increasing_density
D:3:      layout_basic, general_overflow_altar, serial_curves, eino_curves_01,
          eino_curves_01, uniq_terence
D:4:      layout_basic, minmay_temple_entry_crystal_x
D:5:      layout_loops_cross, nicolae_overflow_crystal_walls,
          mainiacjoe_overflow_surrounded_room, uniq_crazy_yiuf_cottage
D:6:      layout_rooms, serial_shops, nicolae_shop_hallway_stairs,
          nicolae_shop_statue_plus, shop_coins, nicolae_shop_just_a_little_nook,
          uniq_eustachio
Temple:   nicolae_temple_superstar

Skill      XL: |  1  2  3  4  5  6  7  8 |
---------------+-------------------------+-----
Axes           | 3 4 6 7 8 9 |  9.9
Invocations    | 3 |  3.0
Fighting       | |  3.2
Armour         | |  3.2
Shields        | |  4.0

Action                     |  1- 3 |  4- 6 |  7- 9 || total
---------------------------+-------+-------+-------++-------
  Melee: War axe           |    96 |   136 |   134 ||   366
    Use: Scroll            |       |     6 |     1 ||     7
         Potion            |       |       |     1 ||     1
 Armour: Scale mail        |    82 |    59 |       ||   141
         Plate armour      |       |    66 |   138 ||   204
  Dodge: Dodged            |    64 |    59 |    64 ||   187
  Block: Buckler           |    27 |    28 |    49 ||   104
